[Event "Early-Titled-Tuesday-Blitz-May-14-2024"]
[Site "Chess.com"]
[Date "2024.05.14"]
[Round "8"]
[White "Aygehovit1992"]
[Black "littlepinkyboy"]
[Result "1-0"]
[WhiteElo "2866"]
[BlackElo "2689"]
[TimeControl "180+1"]
[EndTime "9:29:25 PDT"]
[Termination "Aygehovit1992 won by checkmate"]

1. e4 c5 2. Nc3 a6 3. d4 cxd4 4. Qxd4 Nc6 5. Qe3 Nf6 6. Nf3 d6 7. b3 g6 8. Bb2 Ng4 9. Qe2 Bg7 10. O-O-O O-O 11. h3 Nge5 12. Nxe5 Bxe5 13. g3 b5 14.
f4 Bg7 15. Bg2 Bb7 16. e5 Qa5 17. Kb1 Rad8 18. Nd5 dxe5 19. fxe5 Rxd5 20. Bxd5 Nb4 21.
Bxb7 Qxa2+ 22. Kc1 Bh6+ 23. Rd2 Rb8 24. e6 Rxb7 25.
exf7+ Kf8 26. Qe5 Rc7 27. Qh8+ Kxf7 28. Rf1+ Ke6 29. Qe5# 1-0

[Event "Early-Titled-Tuesday-Blitz-May-14-2024"]
[Site "Chess.com"]
[Date "2024.05.14"]
[Round "8"]
[White "Nf3c5"]
[Black "SargissyanSargis"]
[Result "1-0"]
[WhiteElo "2629"]
[BlackElo "2425"]
[TimeControl "180+1"]
[EndTime "9:29:26 PDT"]
[Termination "Nf3c5 won by resignation"]

1. d4 Nf6 2. Nf3 g6 3. Bg5 Bg7 4. Nbd2 d6 5. c3 h6 6. Bh4 Nc6 7. e4 e5 8. Bb5 Bd7 9. Bxc6 Bxc6 10. dxe5 dxe5 11. Nxe5 Bxe4 12. Qa4+ b5 13. Qxb5+ c6 14. Nxc6 Bxc6 15. Qxc6+ Kf8 16. O-O Rc8 17. Qa6 g5 18. Bg3 Kg8 19. Rad1 Kh7 20. Ne4 Qe7 21. Nd6 Rc5 22.
Rfe1 Qd7 23. Ne4 Qc6 24. Nxc5 Qxc5 25. Be5 Ng4 26. Qd3+ Kg8 27. Bd4 Qc7 28. Qg3 1-0

[Event "Early-Titled-Tuesday-Blitz-May-14-2024"]
[Site "Chess.com"]
[Date "2024.05.14"]
[Round "8"]
[White "Evan_Attaker"]
[Black "CristianS27"]
[Result "1-0"]
[WhiteElo "2649"]
[BlackElo "2544"]
[TimeControl "180+1"]
[EndTime "9:29:27 PDT"]
[Termination "Evan_Attaker won on time"]

1. Nf3 Nf6 2. c4 g6 3. b3 Bg7 4. Bb2 O-O 5. e3 c5 6. Be2 Nc6 7. d3 d6 8. a3 e5 9. Qc2 Bf5 10. Nbd2 Re8 11. O-O e4 12. dxe4 Nxe4 13. Nxe4 Bxe4 14.
Qd2 d5 15. Bxg7 Kxg7 16. cxd5 Qxd5 17. Qc3+ Kg8 18. Rfd1 Qf5 19. Rd6 Ne5 20. Nxe5 Rxe5 21. Rad1 Rae8 22. f3 Bc6 23. e4 Qf4 24. g3 Qh6 25.
Bc4 Qh5 26. Rf6 R5e7 27. Bd5 Bxd5 28. Rxd5 Qh6 29. Qxc5 b6 30. Qc3 Qg7 31. Rc6 Qh6 32. Rc8 Qg5 33. Rdd8 1-0

[Event "Early-Titled-Tuesday-Blitz-May-14-2024"]
[Site "Chess.com"]
[Date "2024.05.14"]
[Round "8"]
[White "HowTo2Draw"]
[Black "Tolyanius"]
[Result "0-1"]
[WhiteElo "2552"]
[BlackElo "2673"]
[TimeControl "180+1"]
[EndTime "9:29:28 PDT"]
[Termination "Tolyanius won by resignation"]

1. c4 e6 2. g3 d5 3. Bg2 c6 4. Nf3 Nd7 5. O-O dxc4 6. a4 Ngf6 7. a5 Be7 8. Qc2 O-O 9. Qxc4 e5 10. Nc3 h6 11. d4 exd4 12. Qxd4 Bc5 13. Qd1 Qe7 14.
a6 bxa6 15. Nd4 Ne5 16. Nxc6 Nxc6 17. Bxc6 Rb8 18. Qc2 h5 19. Bf4 Rb4 20. Ra4 h4 21. Rxb4 Bxb4 22. Ne4 hxg3 23. hxg3 Bf5 24. Nxf6+ Qxf6 25. Qa4 Bc5 26. Bf3 g5 27. Bc1 Rd8 28. b4 Bb6 29.
Qb3 Qd6 30. Bb2 Qxg3+ 31. Kh1 Qh3+ 32. Kg1 Qg3+ 33. Kh1 Bxf2 34. Rxf2 Qxf2 35. Qc3 Rd1+ 0-1

[Event "Early-Titled-Tuesday-Blitz-May-14-2024"]
[Site "Chess.com"]
[Date "2024.05.14"]
[Round "8"]
[White "MdChess1734"]
[Black "KononenkoD"]
[Result "1-0"]
[WhiteElo "2423"]
[BlackElo "2601"]
[TimeControl "180+1"]
[EndTime "9:29:28 PDT"]
[Termination "MdChess1734 won by checkmate"]

1. e4 c6 2. Nf3 d5 3. Nc3 Bg4 4. h3 Bxf3 5. Qxf3 e6 6. Be2 Nd7 7. d4 g6 8. O-O Bg7 9. Be3 Ne7 10. Rad1 O-O 11. a4 f5 12. e5 f4 13. Bc1 g5 14.
Qg4 Nf5 15. h4 Nxh4 16. Qxe6+ Kh8 17. Qg4 Qe7 18. Bd3 Rg8 19. Qh5 Nf8 20. g3 Nhg6 21.
Kg2 Qf7 22. Rh1 Re8 23. Qxg5 f3+ 24. Kf1 Bxe5 25. dxe5 Nxe5 26. Qh5 Qd7 27. Re1 Nfg6 28. Bg5 Nxd3 29. Bf6+ Rg7 30. Qxh7# 1-0

[Event "Early-Titled-Tuesday-Blitz-May-14-2024"]
[Site "Chess.com"]
[Date "2024.05.14"]
[Round "8"]
[White "Rud_Makarian"]
[Black "MatthewG-p4p"]
[Result "1/2-1/2"]
[WhiteElo "2953"]
[BlackElo "2848"]
[TimeControl "180+1"]
[EndTime "9:29:31 PDT"]
[Termination "Game drawn by repetition"]

1. d4 Nf6 2. c4 c5 3. d5 e6 4. Nc3 exd5 5. cxd5 d6 6. e4 g6 7. h3 Bg7 8. Nf3 O-O 9. Bd3 b5 10.
Nxb5 Re8 11. Nd2 Nxe4 12. Bxe4 Ba6 13. a4 f5 14. O-O fxe4 15. Nc4 Bxb5 16. axb5 Rf8 17.
Qg4 Nd7 18. Qxe4 Ne5 19. Ra6 Nxc4 20. Qxc4 Bd4 21. Be3 Bxe3 22. fxe3 Qe7 23. Ra3 Rxf1+ 24. Qxf1 Rf8 25. Qe2 Qb7 26. e4 Re8 27. Qg4 Qxb5 28.
Rxa7 Qxb2 29. Qd7 Qc1+ 30. Kh2 Qf4+ 31. Kh1 Qf1+ 32. Kh2 Qf4+ 33. Kg1 Qc1+ 34. Kh2 Qf4+ 1/2-1/2

[Event "Early-Titled-Tuesday-Blitz-May-14-2024"]
[Site "Chess.com"]
[Date "2024.05.14"]
[Round "8"]
[White "viktorskliarov"]
[Black "Eagle_2019"]
[Result "0-1"]
[WhiteElo "2682"]
[BlackElo "2865"]
[TimeControl "180+1"]
[EndTime "9:29:31 PDT"]
[Termination "Eagle_2019 won by resignation"]

1. e4 c5 2. Nf3 Nc6 3. Bb5 e5 4. O-O Bd6 5. c3 a6 6. Ba4 b5 7. Bc2 Nge7 8. d4 cxd4 9. cxd4 exd4 10. Nxd4 Nxd4 11. Qxd4 Qc7 12. Qxg7 Bxh2+ 13. Kh1 Be5 14. Qg5 Rg8 15. Qh5 d5 16. Bd1 Qxc1 17. Qxe5 Be6 18. Nc3 Qh6+ 19. Kg1 O-O-O 20. Nxb5 Rxg2+ 21. Kxg2 Qh3+ 22. Kg1 Rg8+ 23. Qg3 Rxg3+ 24. fxg3 Qxg3+ 25. Kh1 axb5 26. Rc1+ Kd7 27. Bf3 dxe4 28. Bg2 f5 29. Rfd1+ Ke8 0-1

[Event "Early-Titled-Tuesday-Blitz-May-14-2024"]
[Site "Chess.com"]
[Date "2024.05.14"]
[Round "8"]
[White "Sasha_Solovev_777"]
[Black "RandomNoob04"]
[Result "0-1"]
[WhiteElo "2232"]
[BlackElo "2724"]
[TimeControl "180+1"]
[EndTime "9:29:31 PDT"]
[Termination "RandomNoob04 won by checkmate"]

1. e4 d5 2. exd5 Qxd5 3. Nc3 Qa5 4. d4 Nf6 5. Nf3 Bf5 6. Bc4 e6 7. h3 Bb4 8. Bd2 Nc6 9. Bb5 O-O 10. Bxc6 bxc6 11. a3 Be7 12. O-O Qb6 13. b4 a5 14.
Na4 Qb5 15. Nc5 Rfd8 16. c3 Ne4 17. Re1 Nxd2 18. Qxd2 h6 19. Qe3 Qc4 20. Ne5 Qd5 21. g4 Bh7 22. Rad1 axb4 23. axb4 Ra3 24. Qf4 f6 25. c4 fxe5 26. dxe5 Qxd1 27. Rxd1 Rxd1+ 28. Kg2 Bxc5 29. bxc5 Re1 30. Qd4 Be4+ 31. Kh2 Rh1# 0-1

[Event "Early-Titled-Tuesday-Blitz-May-14-2024"]
[Site "Chess.com"]
[Date "2024.05.14"]
[Round "8"]
[White "1stSecond"]
[Black "hakanazeri2"]
[Result "1-0"]
[WhiteElo "2901"]
[BlackElo "2597"]
[TimeControl "180+1"]
[EndTime "9:29:32 PDT"]
[Termination "1stSecond won by resignation"]

1. d4 Nf6 2. Bg5 e6 3. e4 h6 4.
Bxf6 Qxf6 5. Nc3 Bb4 6. Ne2 c5 7. a3 Bxc3+ 8. bxc3 O-O 9. f4 d6 10. e5 dxe5 11. dxe5 Qe7 12. Ng3 Rd8 13. Qg4 b6 14. Bd3 Ba6 15. Nh5 Qf8 16. Be4 Nd7 17. Bxa8 Rxa8 18. Rd1 Bb5 19. c4 Bc6 20. O-O Rc8 21.
Rd6 Kh8 22. Rfd1 g6 23. Nf6 Nxf6 24. exf6 Kh7 25. h4 h5 26. Qg5 Bd5 27. Rd7 Bc6 28.
Rxa7 Kg8 29. Kh2 Rd8 30. Rd3 Rxd3 31. cxd3 Qd8 32. Re7 Qd4 33. Qe5 Qd8 34. Qc7 Qa8 35.
Rxf7 Qe8 36. Rg7+ Kf8 37. Rh7 Qe7 1-0

[Event "Early-Titled-Tuesday-Blitz-May-14-2024"]
[Site "Chess.com"]
[Date "2024.05.14"]
[Round "8"]
[White "Matols"]
[Black "carloseduar100"]
[Result "0-1"]
[WhiteElo "2338"]
[BlackElo "2231"]
[TimeControl "180+1"]
[EndTime "9:29:33 PDT"]
[Termination "carloseduar100 won by resignation"]

1. d4 d5 2. c4 e5 3. dxe5 d4 4. Nf3 Nc6 5. a3 Nge7 6. b4 Ng6 7. Bb2 a5 8. b5 Ncxe5 9. Nxe5 Nxe5 10. Qxd4 Qxd4 11.
Bxd4 Nxc4 12. e3 Nd6 13. Nc3 Be6 14. Be2 f6 15. O-O Nf5 16. Bf3 Nxd4 17. exd4 O-O-O 18. d5 Bf5 19. b6 cxb6 20. Rfc1 Kb8 21. Na4 Ka7 22. Rc7 Rd7 23. Rc8 g5 24. Nc3 Bd3 25.
Rd1 Ba6 26. a4 Bg7 27. Rxh8 Bxh8 28. d6 f5 29. Nb5+ Bxb5 30. axb5 Be5 31. Rc1 Bxd6 32. g4 f4 33. Rc8 a4 34. Rc4 a3 35. Ra4+ Kb8 36.
Be4 Bc5 37. Bxh7 Rxh7 0-1

[Event "Early-Titled-Tuesday-Blitz-May-14-2024"]
[Site "Chess.com"]
[Date "2024.05.14"]
[Round "8"]
[White "NikitaShnadrygin"]
[Black "Bauman_Guy"]
[Result "1/2-1/2"]
[WhiteElo "2744"]
[BlackElo "2892"]
[TimeControl "180+1"]
[EndTime "9:29:35 PDT"]
[Termination "Game drawn by repetition"]

1. e4 c5 2. Nf3 d6 3. d4 Nf6 4. Nc3 cxd4 5. Nxd4 a6 6. Bg5 Nbd7 7. f4 Qa5 8. Qd2 h6 9. Bh4 e6 10. f5 e5 11. Nb3 Qc7 12. Bxf6 Nxf6 13. Nd5 Nxd5 14. Qxd5 Be7 15. c4 a5 16. Nd2 a4 17. Be2 O-O 18.
Qd3 Qb6 19. O-O-O Bd7 20. h4 Rfc8 21. Kb1 Qa5 22. g4 b5 23. g5 hxg5 24. hxg5 Bxg5 25. Qxd6 Rd8 26. Qxe5 Bf6 27. Qh2 Kf8 28. Qd6+ Kg8 29.
Qh2 Kf8 30. Qd6+ Kg8 31. Qh2 1/2-1/2

[Event "Early-Titled-Tuesday-Blitz-May-14-2024"]
[Site "Chess.com"]
[Date "2024.05.14"]
[Round "8"]
[White "MITerryble"]
[Black "ReadySkate"]
[Result "1-0"]
[WhiteElo "3031"]
[BlackElo "2730"]
[TimeControl "180+1"]
[EndTime "9:29:36 PDT"]
[Termination "MITerryble won by resignation"]

1. e4 c5 2. Nf3 d6 3. Bb5+ Nd7 4. d4 cxd4 5. Qxd4 a6 6. Bxd7+ Bxd7 7. Bg5 Qc7 8. Nc3 h6 9. Bh4 e6 10. O-O-O Rc8 11.
Kb1 Bc6 12. Rhe1 e5 13. Qd3 g5 14. Bg3 Nf6 15. h4 g4 16. Nd2 Be7 17. f4 Nh5 18. fxe5 dxe5 19. Nd5 Bxd5 20. exd5 Nxg3 21. Qxg3 Qxc2+ 22. Ka1 O-O 23. Qxg4+ Kh8 24. Qh5 Qg6 25. Qxg6 fxg6 26. Rxe5 Bf6 27. Re3 Rc2 28. Rb3 Rfc8 29.
Kb1 b5 30. Ne4 Bxh4 31. Rh3 Bd8 32. Nd6 R8c5 33. Nf7+ Kh7 34. Nxd8 Rxg2 35. Ne6 Rcc2 36. Rb3 Rcd2 37. Rc1 Rxd5 38. Nf4 1-0

[Event "Early-Titled-Tuesday-Blitz-May-14-2024"]
[Site "Chess.com"]
[Date "2024.05.14"]
[Round "8"]
[White "ural58"]
[Black "ViktoriyaTarasova"]
[Result "0-1"]
[WhiteElo "2469"]
[BlackElo "2339"]
[TimeControl "180+1"]
[EndTime "9:29:39 PDT"]
[Termination "ViktoriyaTarasova won by checkmate"]

1. e4 e5 2. Nf3 Nc6 3. Bc4 Bc5 4.
b4 Bb6 5. a4 a6 6. Bb2 d6 7. a5 Ba7 8. c3 Nf6 9. d3 O-O 10. h3 h6 11. Nbd2 Be6 12. Qb3 Re8 13. O-O Nh5 14. d4 Bxc4 15. Qxc4 Qf6 16. b5 axb5 17.
Qxb5 Rab8 18. dxe5 dxe5 19. Nc4 Nf4 20. Ne1 Qg6 21.
Kh1 Qxe4 22. Bc1 Nxh3 23. Be3 Bxe3 24. Nxe3 Nf4 25. Ra4 Qg6 26. Nf3 e4 27. Nh4 Qf6 28. Nhf5 Re5 29. Qc4 Rxf5 30. Nxf5 Qxf5 31. a6 b5 32. Qxc6 Qh5+ 33. Kg1 Ne2# 0-1

[Event "Early-Titled-Tuesday-Blitz-May-14-2024"]
[Site "Chess.com"]
[Date "2024.05.14"]
[Round "8"]
[White "DrVelja"]
[Black "SaiHanThiha"]
[Result "1-0"]
[WhiteElo "2934"]
[BlackElo "2475"]
[TimeControl "180+1"]
[EndTime "9:29:41 PDT"]
[Termination "DrVelja won by resignation"]

1. e4 c6 2. d4 d5 3. Nc3 dxe4 4. Nxe4 Nf6 5. Nxf6+ exf6 6. c3 Bd6 7. Bd3 O-O 8. Ne2 Re8 9. O-O Nd7 10. Ng3 Nb6 11.
c4 Bf8 12. Be3 g6 13. Qd2 f5 14.
Ne2 Bg7 15. Rad1 a5 16. Bg5 Bf6 17. Bxf6 Qxf6 18. Rfe1 Be6 19. b3 Red8 20. Bc2 c5 21. d5 a4 22. Qe3 axb3 23. axb3 Bd7 24. Qxc5 Ra2 25. Bb1 Rb2 26. Nd4 Re8 27. Rxe8+ Bxe8 28. Re1 Kg7 29. Nf3 Nd7 30. Qe3 b6 31. Qxe8 Nc5 32.
Qe5 Nxb3 33. d6 Nc5 34. Rd1 Qxe5 35. Nxe5 Kf6 36. d7 Nxd7 37. Nxd7+ Ke6 38. c5 bxc5 39. Nxc5+ Kf6 40. Nd3 Rb8 41. Ne1 Rb2 42. Nf3 g5 43.
h3 g4 44. hxg4 fxg4 45. Nh2 h5 46. Bd3 Rb3 47. Bf1 Rb2 48. g3 Kg5 49. Rd5+ f5 50. Bd3 Kh6 51. Rxf5 Rd2 52. Rd5 Rd1+ 53. Kg2 Ra1 54.
Nf1 Rd1 55. Ne3 Rd2 56. Nf5+ Kg5 57. Nh4+ Kf6 58. Be4 Re2 59. Bg6 1-0

[Event "Early-Titled-Tuesday-Blitz-May-14-2024"]
[Site "Chess.com"]
[Date "2024.05.14"]
[Round "8"]
[White "DerKnipser"]
[Black "aljado"]
[Result "1-0"]
[WhiteElo "2346"]
[BlackElo "2129"]
[TimeControl "180+1"]
[EndTime "9:29:42 PDT"]
[Termination "DerKnipser won by resignation"]

1. e4 c5 2. d4 cxd4 3. c3 d5 4. exd5 Qxd5 5. Nf3 Nc6 6. cxd4 Bg4 7. Be2 e6 8. Nc3 Bb4 9. Be3 Nf6 10. O-O Bxc3 11. bxc3 O-O 12. h3 Bh5 13. c4 Qd7 14. Qb3 Rac8 15. Rfd1 Qc7 16. Rac1 Rfd8 17. g4 Bg6 18. d5 Ne5 19. dxe6 Rxd1+ 20. Bxd1 fxe6 21. Nxe5 Qxe5 22. Qxb7 Re8 23. Qxa7 Be4 24. Qc5 Qb2 25. a4 Qb7 26. Qb5 Qa8 27. c5 Bh1 28. c6 Rb8 29. Qxb8+ Qxb8 30. c7 Qc8 31. Kxh1 Nd5 32. Bf3 Nxc7 33. Bb6 Qa6 34. Bxc7 Qxa4 35. Kg2 Qa3 36. Bf4 Kf7 37. Rc7+ Kf6 38. Be4 Qa5 39. g5+ 1-0

[Event "Early-Titled-Tuesday-Blitz-May-14-2024"]
[Site "Chess.com"]
[Date "2024.05.14"]
[Round "8"]
[White "rionelG"]
[Black "rollercoaster29"]
[Result "0-1"]
[WhiteElo "2285"]
[BlackElo "2456"]
[TimeControl "180+1"]
[EndTime "9:29:44 PDT"]
[Termination "rollercoaster29 won by checkmate"]

1. e4 c5 2. Nf3 d6 3. d4 cxd4 4. Nxd4 Nf6 5. Nc3 a6 6. Bg5 e6 7.
f4 Be7 8. Qe2 Nc6 9. O-O-O Qb6 10.
Nb3 O-O 11. g4 Qc7 12. h4 b5 13. a3 b4 14. axb4 Nxb4 15. e5 Nfd5 16. Nxd5 Nxd5 17. Bg2 Bb7 18. exd6 Bxd6 19. f5 Bf4+ 20. Kb1 Bxg5 21. hxg5 Nf4 22. Qf2 Bxg2 23. Rh2 Rfc8 24. Rxg2 Nxg2 25.
Qxg2 Rab8 26. fxe6 fxe6 27. Rh1 Qc6 28. Qh2 Qe4 29. Nd4 Qxd4 30. Qxh7+ Kf7 31. Rf1+ Ke7 32. Rf3 Qxb2# 0-1

[Event "Early-Titled-Tuesday-Blitz-May-14-2024"]
[Site "Chess.com"]
[Date "2024.05.14"]
[Round "8"]
[White "dontcatchmeifyoucant"]
[Black "mapleaff"]
[Result "1/2-1/2"]
[WhiteElo "2417"]
[BlackElo "2303"]
[TimeControl "180+1"]
[EndTime "9:29:44 PDT"]
[Termination "Game drawn by repetition"]

1. e4 c5 2. Nf3 Nc6 3. Bb5 e6 4. Bxc6 bxc6 5. d3 Ne7 6. Qe2 Ng6 7. h4 h5 8. c4 e5 9. Nc3 d6 10. Bg5 Be7 11. O-O-O Bg4 12. Qe3 Bxf3 13. gxf3 Bxg5 14. hxg5 Nf4 15. Rdg1 g6 16. Ne2 Ne6 17. f4 exf4 18. Nxf4 Nd4 19. Ne2 Nxe2+ 20. Qxe2 Qa5 21. Kb1 O-O 22.
Rxh5 gxh5 23. Qxh5 Rfb8 24. b3 Qc3 25. g6 Qxd3+ 26. Kb2 Qd2+ 27. Ka3 Qb4+ 28. Kb2 Qd2+ 29. Ka3 Qb4+ 30. Kb2 Qd2+ 1/2-1/2

[Event "Early-Titled-Tuesday-Blitz-May-14-2024"]
[Site "Chess.com"]
[Date "2024.05.14"]
[Round "8"]
[White "EvgenyBurmakin"]
[Black "Eloist"]
[Result "0-1"]
[WhiteElo "2317"]
[BlackElo "2444"]
[TimeControl "180+1"]
[EndTime "9:29:46 PDT"]
[Termination "Eloist won by resignation"]

1. e4 e6 2. d4 d5 3. Nd2 Nf6 4.
e5 Nfd7 5. f3 c5 6. c3 Nc6 7. Nb3 a5 8. a4 cxd4 9. cxd4 Bb4+ 10.
Kf2 O-O 11. g3 f6 12. exf6 Qxf6 13. Kg2 e5 14. Nh3 Nb6 15. Nf2 e4 16. f4 Be6 17.
Bb5 Ne7 18. Rf1 Nf5 19. Qe2 Rac8 20. Be3 Rc2 21. Nd2 Nxd4 22. Qd1 Nf5 23. Bxb6 Rxd2 24. Qc1 e3 25. Qc7 Qxb2 26. Rae1 Rxf2+ 27. Rxf2 Qxf2+ 28. Kh3 Nxg3+ 0-1

[Event "Early-Titled-Tuesday-Blitz-May-14-2024"]
[Site "Chess.com"]
[Date "2024.05.14"]
[Round "8"]
[White "Manukyan_Artak"]
[Black "juancruzarias"]
[Result "0-1"]
[WhiteElo "2560"]
[BlackElo "2693"]
[TimeControl "180+1"]
[EndTime "9:29:47 PDT"]
[Termination "juancruzarias won by checkmate"]

1. e4 c6 2. d4 d5 3. e5 c5 4. dxc5 e6 5. a3 Bxc5 6. b4 Be7 7. c4 dxc4 8. Qxd8+ Bxd8 9. Bxc4 Ne7 10. Bb2 b6 11.
Nf3 Bb7 12. Nc3 a6 13. O-O Nd7 14. Rfe1 Ng6 15. Ne4 Bxe4 16. Rxe4 b5 17. Bb3 Ke7 18. Rd1 Bb6 19. h4 h5 20. Bc1 Rhc8 21. Bg5+ Ke8 22. Rc1 Rxc1+ 23. Bxc1 Rc8 24. Bd2 Ne7 25. Kf1 Nf5 26. Ke2 Nf8 27. g3 Ng6 28. a4 Nge7 29.
axb5 axb5 30. Ke1 Ra8 31. Kf1 Ra1+ 32. Re1 Ra3 33. Bd1 Nd5 34. Ng5 Ra2 35. Bc1 Rxf2+ 36. Kg1 Re2+ 37. Kf1 Nxg3# 0-1

[Event "Early-Titled-Tuesday-Blitz-May-14-2024"]
[Site "Chess.com"]
[Date "2024.05.14"]
[Round "8"]
[White "MrLion3000"]
[Black "vugarrasulov"]
[Result "1-0"]
[WhiteElo "2806"]
[BlackElo "2982"]
[TimeControl "180+1"]
[EndTime "9:29:48 PDT"]
[Termination "MrLion3000 won by resignation"]

1. d4 Nf6 2. c4 e6 3. Nc3 Bb4 4. e3 c5 5. a3 Bxc3+ 6. bxc3 Nc6 7. Bd3 e5 8. d5 Na5 9. e4 d6 10. Ne2 b6 11. Ng3 Kd7 12. f4 Re8 13. O-O Kc7 14. fxe5 Rxe5 15. Bf4 Nd7 16. Nf5 g6 17. Nd4 Ba6 18.
Qa4 cxd4 19. cxd4 f6 20. dxe5 dxe5 21. Be3 Qe7 22. c5 Bxd3 23. d6+ Qxd6 24. cxd6+ Kd8 25.
Rxf6 Nxf6 26. Bg5 Kc8 27. Bxf6 Kb7 28. d7 Nc6 29. Rc1 b5 30. Qd1 Bxe4 31. Rxc6 Bxc6 32. d8=Q Rxd8 33. Bxd8 1-0

[Event "Early-Titled-Tuesday-Blitz-May-14-2024"]
[Site "Chess.com"]
[Date "2024.05.14"]
[Round "8"]
[White "CarlosjPineror"]
[Black "Agibileg"]
[Result "1-0"]
[WhiteElo "2749"]
[BlackElo "2880"]
[TimeControl "180+1"]
[EndTime "9:29:48 PDT"]
[Termination "CarlosjPineror won by resignation"]

1. e4 c5 2. Nf3 d6 3. d4 cxd4 4. Nxd4 Nf6 5. Nc3 a6 6. Bg5 e5 7.
Nb3 Nbd7 8. a4 Be7 9. Bc4 h6 10. Be3 Qc7 11. Qe2 b6 12. f3 Bb7 13. O-O O-O 14.
Rad1 Rfc8 15. Bd3 Nc5 16. Nxc5 dxc5 17. Bc4 Rd8 18. b3 Bf8 19. Rxd8 Qxd8 20. Rd1 Qc7 21. Qd3 Be7 22. Qe2 Bf8 23. Bf2 Rd8 24. Bxa6 Rxd1+ 25. Nxd1 Bxa6 26. Qxa6 Qd8 27. Qd3 Qxd3 28. cxd3 Be7 29. Bh4 Nd5 30. exd5 Bxh4 31. Ne3 Bd8 32. Nc4 f6 33. g4 Kf8 34. Kf2 Ke7 35. h4 Kd7 36. h5 Kc7 37. Ke3 Kd7 38. Ke4 Ke7 39. Kf5 Kf7 40. d6 g6+ 41. hxg6+ Kg7 42. Ne3 Kg8 43. Nd5 Kg7 44. Nc7 h5 45. gxh5 1-0

[Event "Early-Titled-Tuesday-Blitz-May-14-2024"]
[Site "Chess.com"]
[Date "2024.05.14"]
[Round "8"]
[White "Yan_Dyomin2010"]
[Black "ulises2013"]
[Result "0-1"]
[WhiteElo "2686"]
[BlackElo "2908"]
[TimeControl "180+1"]
[EndTime "9:29:50 PDT"]
[Termination "ulises2013 won by resignation"]

1. e4 g6 2. d4 Bg7 3. Nc3 c5 4. dxc5 Bxc3+ 5. bxc3 Qa5 6. Qd4 Nf6 7. Qb4 Qc7 8. f3 Nc6 9. Qa4 b6 10. cxb6 Qxb6 11.
Qb3 Qc7 12. Be3 O-O 13. Bd3 d6 14. Ne2 Be6 15. Qa3 Rfc8 16. O-O Ne5 17. Nd4 Bc4 18. Rac1 Bxd3 19. cxd3 Nxd3 20. Rc2 Qc4 21. Rd1 Ne5 22. Bg5 Ned7 23. Qc1 Rab8 24. Qe3 a6 25. Rdc1 Rb7 26. h4 h5 27. g3 Kh7 28. Kg2 Kg7 29. Kh2 Ne5 30.
Bxf6+ exf6 31. Kg2 a5 32. Rd1 a4 33. Ne2 Rc6 34.
Nf4 Qc5 35. Qd4 Qxd4 36. Rxd4 Nc4 37. Kf2 Rb1 38. Nd5 a3 39. Ke2 Rb2 40. Kd1 Rb1+ 41.
Ke2 Rc5 42. Nb4 Rb2 43. Kd1 Ne3+ 0-1

[Event "Early-Titled-Tuesday-Blitz-May-14-2024"]
[Site "Chess.com"]
[Date "2024.05.14"]
[Round "8"]
[White "Kushch_Nikolai"]
[Black "Sofia_Blokhin"]
[Result "1-0"]
[WhiteElo "2414"]
[BlackElo "2259"]
[TimeControl "180+1"]
[EndTime "9:29:52 PDT"]
[Termination "Kushch_Nikolai won by resignation"]

1. Nf3 f5 2. g3 Nf6 3. Bg2 g6 4.
O-O Bg7 5. d4 O-O 6. Nbd2 d6 7.
Nc4 c6 8. c3 h6 9. a4 Be6 10. b3 Bf7 11. Nfd2 Nbd7 12. a5 a6 13. Qc2 e5 14. dxe5 dxe5 15. e4 f4 16. gxf4 Nh5 17.
Nf3 exf4 18. Ba3 c5 19. Rad1 g5 20. Bxc5 g4 21. Nfe5 Bxc4 22. Nxc4 f3 23. Bh1 Nf4 24. Rfe1 Nh3+ 25. Kf1 Bxc3 26. Qxc3 Qh4 27. Rxd7 Rf6 28.
Red1 Nf4 29. Bxf3 Qh3+ 30. Ke1 gxf3 31. Qxf6 Ng2+ 32. Kd2 Qxd7+ 33. Kc2 Qf7 34. Qxh6 Qh7 35. Qe6+ Qf7 36. Qg4+ Qg7 37. Qxf3 1-0

[Event "Early-Titled-Tuesday-Blitz-May-14-2024"]
[Site "Chess.com"]
[Date "2024.05.14"]
[Round "8"]
[White "Juicy_Fork"]
[Black "Gumugama"]
[Result "1-0"]
[WhiteElo "2459"]
[BlackElo "2290"]
[TimeControl "180+1"]
[EndTime "9:29:53 PDT"]
[Termination "Juicy_Fork won on time"]

1. e4 c5 2. Nf3 d6 3. d4 cxd4 4. Nxd4 Nf6 5. Nc3 a6 6. Bd3 e5 7.
Nde2 Be6 8. f4 Qc7 9. O-O Ng4 10. Kh1 Qc5 11. Qe1 Ne3 12. Rf3 Nc4 13. f5 Bd7 14. Nd5 b5 15. b3 Be7 16. bxc4 bxc4 17. Bxc4 Qxc4 18. Rc3 Qxe4 19. Nc7+ Kf8 20. Nxa8 Bc6 21. Qf2 Bh4 22. Ng3 Bxg3 23. Qxg3 Bxa8 24. Rc8+ Ke7 25. Rxh8 Qd4 26. Qg5+ Kd7 27. Qd8+ Kc6 28. Qc8+ Kd5 29. Bb2 Qxb2 30. Rd1+ Ke4 31. Qc4+ Kxf5 32. Rf1+ 1-0

[Event "Early-Titled-Tuesday-Blitz-May-14-2024"]
[Site "Chess.com"]
[Date "2024.05.14"]
[Round "8"]
[White "Gryffindorac8"]
[Black "NinoMaisuradze"]
[Result "1-0"]
[WhiteElo "2507"]
[BlackElo "2351"]
[TimeControl "180+1"]
[EndTime "9:29:54 PDT"]
[Termination "Gryffindorac8 won by resignation"]

1. d4 d5 2. c4 e6 3. Nf3 Nf6 4. g3 Be7 5. Bg2 c6 6. O-O Nbd7 7. Qc2 Ne4 8. Nbd2 f5 9. Ne1 O-O 10. f3 Nd6 11. Nd3 Nf6 12. Ne5 Bd7 13. b3 Rc8 14. Ba3 Be8 15. Rad1 Bh5 16. Rde1 b6 17. Nd3 Kh8 18. Kh1 dxc4 19. bxc4 b5 20. c5 Nf7 21. Bb2 Bg6 22. Nf4 e5 23. Ne6 Qd5 24. Nxf8 Bxf8 25. dxe5 Nd7 26. f4 Qxc5 27. Qb3 Nd8 28. e4 Bf7 29.
Qd1 Qb4 30. Ba1 fxe4 31. Nxe4 Nc5 32. Ng5 Bg6 33. f5 Be7 34. fxg6 1-0

[Event "Early-Titled-Tuesday-Blitz-May-14-2024"]
[Site "Chess.com"]
[Date "2024.05.14"]
[Round "8"]
[White "Szachulec75"]
[Black "Blitz_Lover1"]
[Result "0-1"]
[WhiteElo "2146"]
[BlackElo "2341"]
[TimeControl "180+1"]
[EndTime "9:29:54 PDT"]
[Termination "Blitz_Lover1 won by resignation"]

1. Nf3 d5 2. g3 Nf6 3. Bg2 Bf5 4. d3 Nbd7 5. O-O e5 6. Nbd2 Bd6 7. Re1 h6 8. e4 dxe4 9. dxe4 Bh7 10. b3 O-O 11.
Bb2 Qe7 12. h3 c6 13. Qe2 Rad8 14. Nh4 Nc5 15. Nf5 Bxf5 16. exf5 Rfe8 17. Nc4 e4 18. Rad1 b5 19. Nxd6 Rxd6 20. Qe3 Rd5 21. Ba3 Nfd7 22. g4 Qe5 23. c4 bxc4 24. bxc4 Rd3 25. Rxd3 Nxd3 26.
Rb1 N7c5 27. Kf1 Na4 28. Rb7 Qa1+ 0-1

[Event "Early-Titled-Tuesday-Blitz-May-14-2024"]
[Site "Chess.com"]
[Date "2024.05.14"]
[Round "8"]
[White "hongnhung1234"]
[Black "only_strong_moves"]
[Result "0-1"]
[WhiteElo "2561"]
[BlackElo "2709"]
[TimeControl "180+1"]
[EndTime "9:29:55 PDT"]
[Termination "only_strong_moves won by checkmate"]

1. e4 e5 2. Nf3 Nc6 3. d4 exd4 4.
Nxd4 Nf6 5. Nc3 Bb4 6. Nxc6 bxc6 7. Bd3 d5 8. exd5 O-O 9. O-O cxd5 10. h3 c6 11. Qf3 h6 12. Ne2 Bd6 13. Bf4 Rb8 14. b3 Be6 15. Rfd1 Re8 16. c4 dxc4 17. Bxd6 cxd3 18. Rxd3 Bd5 19. Bxb8 Bxf3 20. Rxd8 Rxd8 21. Bc7 Rd7 22. gxf3 Rxc7 23. Rc1 a6 24. b4 Nd7 25. Nf4 Ne5 26. Kg2 g5 27. Nd5 Rb7 28. Nf6+ Kg7 29. Ne4 Rxb4 30. Nc5 Rb2 31. a4 a5 32. Kg3 Ra2 33. Re1 f6 34. Rb1 Ra3 35. Rb7+ Kg6 36. Ra7 Nxf3 37. Rxa5 Nh4+ 38. Kh2 Ra2 39. Kg3 f5 40. f4 Rg2# 0-1

[Event "Early-Titled-Tuesday-Blitz-May-14-2024"]
[Site "Chess.com"]
[Date "2024.05.14"]
[Round "8"]
[White "MalyDominator"]
[Black "Jesseinkman"]
[Result "1-0"]
[WhiteElo "2648"]
[BlackElo "2528"]
[TimeControl "180+1"]
[EndTime "9:29:55 PDT"]
[Termination "MalyDominator won by resignation"]

1. e4 e5 2. Nc3 Nc6 3. Bc4 Nf6 4.
d3 Bc5 5. Nge2 Ng4 6. d4 exd4 7. Na4 Qh4 8. g3 Qf6 9. Nf4 Nge5 10. Nxc5 Nxc4 11.
Nd5 Qd8 12. Qg4 O-O 13. Bh6 g6 14. Bxf8 Qxf8 15. Nd3 d6 16. Nf6+ Kg7 17. Qh4 Qe7 18.
Qxh7+ Kxf6 19. Qh8+ Ke6 20. O-O-O Kd7 21. h4 N4e5 22.
Nf4 Qe8 23. Qf6 Qe7 24. Qg7 Kd8 25. Nd5 Qe8 26. h5 g5 27. h6 Be6 28. h7 Ng6 29. h8=Q Nxh8 30. Rxh8 1-0